 Dungeon Crawl Stone Soup version 0.27-a0-1384-g1422d76b99 (webtiles) character file.

Game seed: 10715109544537834353

35 dickylongcocking the Magician (level 3, 0/30 HPs)
             Began as a Djinni Wanderer on June 30, 2021.
             Splashed by a jelly's acid (10 damage)
             ... on level 4 of the Dungeon.
             The game lasted 00:01:18 (1527 turns).

dickylongcocking the Magician (Djinni Wanderer)     Turns: 1527, Time: 00:01:18

Health: 0/30       AC:  2    Str:  9    XL:     3   Next: 52%
Gold:   74         EV: 11    Int: 17    God:
                   SH:  0    Dex: 11

rFire    + + .     SeeInvis .   a - +2 hand axe
rCold    x . .     Faith    .   (no shield)
rNeg     . . .     Spirit   .   b - +0 robe
rPois    ∞         Reflect  .   (no helmet)
rElec    .         Harm     .   (no cloak)
rCorr    .         Rampage  .   (no gloves)
Will     .....                  (boots unavailable)
Stlth    +.........             (no amulet)
HPRegen  0.10/turn              (no ring)
MPRegen  0.00/turn              (no ring)

@: flying
A: sickness immunity, fire resistance 2, cold vulnerability 1, float, innate
caster, hp casting, extra vitality 1
a: no special abilities


You were on level 4 of the Dungeon.
You visited 1 branch of the dungeon, and saw 3 of its levels.

You collected 74 gold pieces.

Inventory:

Hand Weapons
 a - a +2 hand axe (weapon)
Armour
 b - a +0 robe (worn)
Scrolls
 c - 2 scrolls of teleportation {unknown}
 e - 2 scrolls of identify {unknown}
 f - a scroll of magic mapping {unknown}
Potions
 d - 2 potions of ambrosia {unknown}


   Skills:
 - Level 3.0 Fighting
 - Level 1.6 Axes
 - Level 1.0 Throwing
 - Level 1.0 Shields
 * Level 3.3 Spellcasting


You couldn't memorise any spells.
You knew the following spells:

 Your Spells              Type           Power      Damage    Failure   Level
a - Freeze                Ice            56%        1d7       4%          1
b - Shock                 Conj/Air       56%        1d6       4%          1
c - Ozocubu's Armour      Ice            14%        N/A       13%         3
d - Mephitic Cloud        Conj/Pois/Air  14%        N/A       13%         3
e - Summon Small Mammal   Summ           56%        N/A       4%          1

Your spell library contained the following spells:

 Spells                   Type           Power      Damage    Failure   Level


Dungeon Overview and Level Annotations

Branches:
Dungeon (2/15)

Altars:
Xom


Innate Abilities, Weirdness & Mutations

You are immune to sickness and miasma.
You are immune to poison.
Your flesh is very heat resistant. (rF++)
You are vulnerable to cold. (rC-)
You float through the air rather than walking.
You learn spells naturally, not from books.
Your magical power is your life essence.
You have superior vitality. (+4 HP)


Message History

Casting: Freeze (safe; 4% risk of failure)
Confirm with . or Enter, or press ? or * to list all spells.
Aiming: Freeze (safe; 4% risk of failure)
Press: ? - help, Shift-Dir - straight line, f/p - quokka
Aim: a quokka (severely wounded)
You freeze the quokka.
You kill the quokka!
Casting: Freeze (safe; 4% risk of failure)
Confirm with . or Enter, or press ? or * to list all spells.
You can't see any susceptible monsters within range! (Use Z to cast anyway.) Unknown command.
You start resting.
HP restored.
You start waiting.
You hear the slow rusting of a very distant drain.
As you open the door, it creaks loudly!
The jelly quivers.
There is an open door here.
You hit the jelly.
Your hands burn!
The jelly is lightly wounded.
The jelly hits you.
You are splashed with acid!
Casting: Freeze (safe; 4% risk of failure)
Confirm with . or Enter, or press ? or * to list all spells.
Aiming: Freeze (safe; 4% risk of failure)
Press: ? - help, Shift-Dir - straight line, f - jelly
Aim: a jelly (lightly wounded)
You freeze the jelly.
The jelly is heavily wounded.
The jelly closely misses you.
Unknown command.
Unknown command.
Casting: Freeze (safe; 4% risk of failure)
Confirm with . or Enter, or press ? or * to list all spells.
Aiming: Freeze (safe; 4% risk of failure)
Press: ? - help, Shift-Dir - straight line, f/p - jelly
Aim: a jelly (heavily wounded)
You freeze the jelly.
The jelly is severely wounded.
The jelly hits you.
You are splashed with acid!
You die...

#...........#
#......##...
#.###..#
##.###..##
#..#.....#
#..#....##
#..#....##
#.J#.....#
#..@.....#
#####+####


You could see a jelly.

Vanquished Creatures
  A dart slug (D:1)
  4 endoplasms
  3 hobgoblins
  10 jackals
  A quokka (D:4)
  2 ball pythons (D:1)
  A bat (D:1)
  2 frilled lizards (D:1)
  2 kobolds (D:1)
  A rat (D:1)
27 creatures vanquished.

Notes
Turn   | Place    | Note
-------+----------+-------------------------------------------
     0 | D:1      | dickylongcocking the Djinni Wanderer began the quest for
                  | the Orb.
     0 | D:1      | Reached XP level 1. HP: 20/20 MP: 0/0
   218 | D:1      | Found a faded altar of an unknown god.
   227 | D:1      | Reached XP level 2. HP: 18/25 MP: 0/0
   680 | D:1      | Reached XP level 3. HP: 18/30 MP: 0/0
   680 | D:1      | Learned a level 1 spell: Summon Small Mammal
  1235 | D:2      | Found a shimmering altar of Xom.
  1466 | D:2      | You are sucked into a shaft and drop 2 floors!
  1527 | D:4      | Splashed by a jelly's acid

Illustrated notes

Levels and vault maps discovered:
D:1:      dpeg_arrival_orchard, layout_loops_ring,
          hellmonk_ecumenical_altar_dog_temple
D:2:      layout_rooms, basic_altar, corexii_leaking_fountain
D:4:      layout_gridville, fedhas_altar_fruit_tree, gup_sewer_entry_bowl,
          uniq_duvessa

Skill      XL: |  1  2 |
---------------+-------+-----
Spellcasting   | 3 |  3.3
Fighting       | |  3.0
Axes           | |  1.6
Throwing       | |  1.0
Shields        | |  1.0

Action                   || total
-------------------------++-------
Melee: Hand axe          ||    17
 Cast: Shock             ||    14
       Freeze            ||    34
Armor: Robe              ||    14
Dodge: Dodged            ||    49

Table legend: (Time is in decaauts)
 A = Elapsed time spent in this place.
 B = Non-inter-level travel time spent in this place.
 C = Inter-level travel time spent in this place.
 D = Time resting spent in this place.
 E = Time spent auto-exploring this place.
 F = Levels seen in this place.
 G = Mean time per level.
                   A        B        C        D        E       F      G
               +--------+--------+--------+--------+--------+-----+--------+
         Total |   1530 |   1520 |     10 |     44 |   1339 |   3 |  510.0 |
       Dungeon |   1530 |   1520 |     10 |     44 |   1339 |   3 |  510.0 |
               +--------+--------+--------+--------+--------+-----+--------+

Top non-repeatable levels by time:
     D:1: 1233 daAuts
     D:2: 235 daAuts
     D:4: 60 daAuts
